 Dungeon Crawl Stone Soup version 0.30-a0-373-gd37427bb62 (webtiles) character file.

Game seed: 17892625012930865616

71 greenreed the Shooter (level 4, -13/25 HPs)
             Began as a Kobold Hexslinger on Nov 24, 2022.
             Mangled by Crazy Yiuf
             ... wielding a +4 quarterstaff of chaos
              (20 damage)
             ... on level 2 of the Dungeon.
             The game lasted 00:03:47 (2333 turns).

greenreed the Shooter (Kobold Hexslinger)           Turns: 2333, Time: 00:03:48

Health: -13/25     AC:  2    Str:  7    XL:     4   Next: 47%
Magic:  4/6        EV: 15    Int: 14    God:
Gold:   149        SH:  0    Dex: 17    Spells: 5/6 levels left

rFire   . . .      SeeInvis .    a - +1 sling
rCold   . . .      Faith    .    (no shield)
rNeg    . . .      Spirit   .    c - +0 robe
rPois   .          Reflect  .    (no helmet)
rElec   .          Harm     .    (no cloak)
rCorr   .          Rampage  .    (no gloves)
Will    .....                    (no boots)
Stlth   +++.......               (no amulet)
HPRegen 0.24/turn                (no ring)
MPRegen 0.10/turn                (no ring)

@: lethally poisoned (-13 -> -18)
A: small, no large weapons, nightstalker 3
a: no special abilities


You were on level 2 of the Dungeon.
You visited 1 branch of the dungeon, and saw 2 of its levels.

You collected 149 gold pieces.

Inventory:

Hand Weapons
 a - a +1 sling (weapon)
 k - a +1 short sword of venom
 n - the +6 quarterstaff "Jarchir" {distort, rElec rPois Str+3}
   (You found it on level 2 of the Dungeon)

   It warps and distorts space around it, and may blink, banish, or inflict
   extra damage upon those it strikes.
   Unwielding it can cause banishment or high damage.
   Str:       It affects your strength (+3).
   rElec:     It insulates you from electricity.
   rPois:     It protects you from poison.
Missiles
 o - 3 poisoned darts
Armour
 c - a +0 robe (worn)
Scrolls
 b - a scroll of poison
 d - a scroll of butterflies
 g - 2 scrolls of identify {unknown}
 h - a scroll of noise
 j - a scroll of amnesia {unknown}
Potions
 e - a potion of flight {unknown}
 f - a potion of curing
 i - a potion of mutation {unknown}
 l - 2 potions of lignification {unknown}
 m - a potion of heal wounds {unknown}


   Skills:
 + Level 1.1 Fighting
 * Level 5.0 Ranged Weapons
 + Level 2.7 Dodging
 * Level 1.5 Spellcasting
 * Level 3.3 Hexes


You had 5 spell levels left.
You knew the following spells:

 Your Spells              Type           Power      Damage    Failure   Level
a - Slow                  Hex            40%        N/A       6%          1

Your spell library contained the following spells:

 Spells                   Type           Power      Damage    Failure   Level
 Inner Flame              Hex/Fire       5%         N/A       36%         3
 Portal Projectile        Hex/Tloc       10%        N/A       36%         3
 Cause Fear               Hex            5%         N/A       52%         4


Dungeon Overview and Level Annotations

Branches:
Dungeon (2/15)

Altars:

Annotations:
D:2 Crazy Yiuf


Innate Abilities, Weirdness & Mutations

You are small and have problems with some larger weapons.
You are completely attuned to the shadows.


Message History

Press: ? - help, Shift-Dir - straight line, f - Crazy Yiuf
Aim: Crazy Yiuf, wielding a +4 quarterstaff of chaos and wearing a +2 cloak of preservation (asleep, chance to affect: 52%) Crazy Yiuf shouts!
Crazy Yiuf seems to slow down.
Crazy Yiuf resists with significant effort.
Crazy Yiuf seems to slow down.
You shoot a sling bullet.
The sling bullet closely misses Crazy Yiuf.
You shoot a sling bullet. The sling bullet hits Crazy Yiuf.
Crazy Yiuf is lightly wounded.
You shoot a sling bullet.
The sling bullet barely misses Crazy Yiuf.
Crazy Yiuf drinks a potion.
Crazy Yiuf seems to grow stronger.
You shoot a sling bullet.
The sling bullet hits Crazy Yiuf but does no damage.
Crazy Yiuf is lightly wounded.
You shoot a sling bullet. The sling bullet hits Crazy Yiuf.
Crazy Yiuf is moderately wounded.
Crazy Yiuf closely misses you.
You shoot a sling bullet. The sling bullet hits Crazy Yiuf.
Crazy Yiuf is moderately wounded.
Crazy Yiuf hits you with a +4 quarterstaff of chaos!
You are poisoned.
You shoot a sling bullet.
The sling bullet closely misses Crazy Yiuf.
You feel very sick.
You are too injured to fight recklessly!
You are too injured to fight recklessly!
You shoot a sling bullet.
The sling bullet hits Crazy Yiuf but does no damage.
Crazy Yiuf is moderately wounded.
You feel sick. Crazy Yiuf closely misses you.
You shoot a sling bullet.
The sling bullet hits Crazy Yiuf but does no damage.
Crazy Yiuf is moderately wounded.
* * * LOW HITPOINT WARNING * * *
You feel sick.
Crazy Yiuf hits you with a +4 quarterstaff of chaos!!
Ouch! That really hurt!
You die...

.......# #.#
#<.#######
######## #.#
##.......## #
#.# #.#####..#
### ### ##.# #.#
#######.## ##
###.#...+..#
...##..#.......#
...g@####......#
)..### ##..+.##
## ###### ###
###
############.#
#.#
#............#
#.#
#.############
#.#


You could see Crazy Yiuf (strong, slow).

Vanquished Creatures
  An adder (D:2)
  2 worms (D:2)
  4 dart slugs
  A ball python (D:1)
  4 bats
  10 endoplasms
  2 giant cockroaches
  A goblin (D:1)
  5 hobgoblins
  6 kobolds
  2 quokkas (D:1)
  3 frilled lizards
  2 rats
43 creatures vanquished.

Notes
Turn   | Place    | Note
-------+----------+-------------------------------------------
     0 | D:1      | greenreed the Kobold Hexslinger began the quest for the
                  | Orb.
     0 | D:1      | Reached XP level 1. HP: 12/12 MP: 2/2
    45 | D:1      | Reached skill level 3 in Ranged Weapons
   126 | D:1      | Reached XP level 2. HP: 16/16 MP: 3/3
   401 | D:1      | Reached XP level 3. HP: 20/20 MP: 4/4
   642 | D:1      | Reached skill level 4 in Ranged Weapons
  1216 | D:2      | Reached XP level 4. HP: 25/25 MP: 5/5
  1652 | D:2      | Identified the +6 quarterstaff "Jarchir" {distort, rElec
                  | rPois Str+3}
  1814 | D:2      | Found a runed translucent door.
  1817 | D:2      | Noticed Crazy Yiuf
  1970 | D:2      | Reached skill level 5 in Ranged Weapons
  2333 | D:2      | Mangled by Crazy Yiuf

Illustrated notes

Levels and vault maps discovered:
D:1:      heliophobic_arrival_battle_scene, layout_basic, st_stairs_7,
          minmay_misc_feat_cross, minmay_misc_feat_more_columns
D:2:      layout_loops_ring, hangedman_abyss_or_decor_lesser_grid,
          uniq_crazy_yiuf_cottage

Skill      XL: |  1  2  3  4 |
---------------+-------------+-----
Ranged Weapons | 3 4 5 |  5.0
Fighting       | |  1.1
Dodging        | |  2.7
Spellcasting   | |  1.5
Hexes          | |  3.3

Action                   |  1- 3 |  4- 6 || total
-------------------------+-------+-------++-------
 Fire: Sling             |    90 |    68 ||   158
 Cast: Slow              |     1 |     7 ||     8
  Use: Scroll            |     2 |       ||     2
Armor: Robe              |    11 |     4 ||    15
Dodge: Dodged            |    34 |    18 ||    52

Table legend: (Time is in decaauts)
 A = Elapsed time spent in this place.
 B = Non-inter-level travel time spent in this place.
 C = Inter-level travel time spent in this place.
 D = Time resting spent in this place.
 E = Time spent auto-exploring this place.
 F = Levels seen in this place.
 G = Mean time per level.
                   A        B        C        D        E       F      G
               +--------+--------+--------+--------+--------+-----+--------+
         Total |   2363 |   2189 |    174 |     37 |   1830 |   2 | 1181.5 |
       Dungeon |   2363 |   2189 |    174 |     37 |   1830 |   2 | 1181.5 |
               +--------+--------+--------+--------+--------+-----+--------+

Top non-repeatable levels by time:
     D:2: 1261 daAuts
     D:1: 1101 daAuts
